 Dungeon Crawl Stone Soup version 0.29.0-10-g45618ea6d2 (webtiles) character file.

Game seed: 14307648712743995628

2821 Zeldest the Changer (level 9, -2/87 (93) HPs)
             Began as an Octopode Delver on Sept 2, 2022.
             Was an Initiate of Gozag.
             Slain by a wight
             ... wielding a +5 battleaxe
              (4 damage)
             ... on level 7 of the Dungeon.
             The game lasted 00:20:40 (9532 turns).

Zeldest the Changer (Octopode Delver)               Turns: 9532, Time: 00:20:41

HP:   -2/87 (93)    AC: 24    Str: 12    XL:     9   Next: 73%
MP:   9/9           EV:  2    Int: 16    God:    Gozag
Gold: 436           SH:  5    Dex: 13    Spells: 8/8 levels left

rFire   . . .      SeeInvis .     - Unarmed
rCold   . . .      Faith    .   (no shield)
rNeg    . . .      Spirit   .   (helmet currently unavailable)
rPois   +          Reflect  +   i - amulet of reflection
rElec   .          Harm     .   f - ring of willpower
rCorr   .          Rampage  .   u - ring of poison resistance
Will    +....      NoTele   +   x - ring of wizardry
Stlth   +++.......              (no ring)
HPRegen 0.24/turn               (no ring)
MPRegen 0.11/turn               (no ring)
                                (no ring)
                                (no ring)

@: tree-form (expiring), drained
A: stationary, stasis, torment immunity, boosted hp, almost no armour,
(amphibious), 8 rings, (camouflage 1), (gelatinous body 1), (nimble swimmer 1),
(tentacles)
a: Renounce Religion, Potion Petition, Call Merchant, Bribe Branch


You were on level 7 of the Dungeon.
You worshipped Gozag.
Gozag was aware of your devotion.
You were a tree.
You visited 1 branch of the dungeon, and saw 7 of its levels.

You collected 1102 gold pieces.
You spent 650 gold pieces at shops.
You paid 16 gold pieces to Gozag.

Inventory:

Hand Weapons
 b - a +1 dagger of electrocution
Magical Staves
 n - a staff of air
Jewellery
 f - a ring of willpower (left branch)
 i - an amulet of reflection (around neck)
 q - a ring of fire
 u - a ring of poison resistance (right branch)
 x - a ring of wizardry (on tentacle)
Wands
 v - a wand of polymorph (4)
 y - a wand of flame (20)
Scrolls
 a - 5 scrolls of fog
 c - 2 scrolls of fear
 h - a scroll of enchant weapon {unknown}
 k - 4 scrolls of noise
 o - a scroll of teleportation
 s - 2 scrolls of blinking {unknown}
 z - a scroll of amnesia {unknown}
 A - a scroll of summoning {unknown}
 B - a scroll of magic mapping
Potions
 d - 3 potions of haste
 g - a potion of resistance
 j - a potion of brilliance {unknown}
 l - 2 potions of heal wounds {unknown}
 m - 2 potions of attraction {unknown}
 p - 5 potions of curing {unknown}
 r - 3 potions of degeneration {unknown}
 t - a potion of invisibility {unknown}
 w - a potion of flight {unknown}


   Skills:
 - Level 5.7 Fighting
 - Level 2.0 Dodging
 - Level 6.6 Stealth
 - Level 6.7 Unarmed Combat
 + Level 7.7 Transmutations
 + Level 6.5 Air Magic


You had 8 spell levels left.
You didn't know any spells.
Your spell library contained the following spells:

 Spells                   Type           Power      Damage    Failure   Level
 Slow                     Hex            0%         N/A       11%         1
 Ignite Poison            Fire/Tmut/Pois 8%         N/A       11%         3
 Blink                    Tloc           0%         N/A       16%         2
 Call Canine Familiar     Summ           0%         N/A       28%         3
 Confusing Touch          Hex            0%         N/A       28%         3
 Conjure Flame            Conj/Fire      0%         6-21      28%         3
 Ozocubu's Armour         Ice            0%         N/A       28%         3
 Portal Projectile        Hex/Tloc       0%         N/A       28%         3
 Vampiric Draining        Necr           0%         2d6       28%         3
 Leda's Liquefaction      Hex/Erth       0%         N/A       65%         4
 Sticky Flame             Conj/Fire      0%         2d3       65%         4
 Manifold Assault         Tloc           0%         N/A       93%         5
 Metabolic Englaciation   Hex/Ice        0%         N/A       93%         5
 Storm Form               Tmut/Air       11%        N/A       98%         7
 Simulacrum               Ice/Necr       Unusable   N/A       N/A         6

Dungeon Overview and Level Annotations

Branches:
Dungeon (7/15)             Temple (0/1) D:6

Altars:
Cheibriados
Dithmenos
Gozag
Hepliaklqana
Okawaru
Qazlal
Wu Jian
Zin
The Shining One

Shops:
D:5 =   D:6 [

Annotations:
D:2 exclusion: 2 adders
D:4 Blork the orc, Grinder
D:5 exclusions: hound, iguana, orc warrior, scorpion and troll, Dowan, Duvessa, Ijyb


Innate Abilities, Weirdness & Mutations

You are a tree.
Your roots penetrate the ground, keeping you stationary.
You cannot be teleported.
You are immune to unholy pain and torment.
Your maximum health is greatly increased.
You cannot wear most types of armour.
((You are amphibious.))
You can wear up to eight rings at the same time.
((Your skin changes colour to match your surroundings (Stealth+).))
((Your rubbery body absorbs attacks. (AC +1, EV +1)))
((You are camouflaged when in or above water. (Stealth+)))
((You have tentacles for arms and can constrict up to eight enemies at once.))


Message History

You barely miss the wight. Your punch misses the wight.
The wight hits you but does no damage.
You hit the wight but do no damage. You block the wight's attack.
You hit the wight. You punch the wight.
The wight is moderately damaged.
You block the wight's attack.
Your +1 dagger of electrocution stops crackling.
You are now empty-handed.
You hit the wight.
The wight is moderately damaged.
You block the wight's attack.
You hit the wight but do no damage.
The wight is moderately damaged.
You block the wight's attack.
You smack the wight!
You destroy the wight!
You start resting.
A wight is nearby!
What are your orders? t - Creak!
Orders for allies: a - Attack new target. r - Retreat! s - Stop attacking. g - Guard the area. f - Follow me.
Anything else - Cancel.
You creak for attention!
Your transformation is almost over.
You hit the wight but do no damage. The wight hits you but does no damage.
You hit the wight.
The wight is lightly damaged.
The wight hits you with a +5 battleaxe!
* * * LOW HITPOINT WARNING * * *
You feel drained.
* * * LOW HITPOINT WARNING * * *
You hit the wight but do no damage.
The wight is lightly damaged.
The wight hits you with a +5 battleaxe!
* * * LOW HITPOINT WARNING * * *
You feel drained.
You die...
Your body crumbles into a pile of gold.

#.#.........#.## #.#
#.#.#.........# #.#
#.#$###.###.### ##.##
#.......# #.# #...##
######.####.#####.#...
#.#.......##...##
#.#.......#######
##z#.......# #
#♣.#.......# #
#.##...[...# ##
#.##...<...# #.
#.##.......######.
#.######.......##.
#.##...#.#####.##.
#.##........##.##.
#.##...#(##.......
#.....##.#####.###


You could see a wight.

Vanquished Creatures
  Pikel (D:5)
  Sigmund (D:4)
  2 water moccasins (D:5)
  2 black bears
  2 sky beasts
  An orc warrior (D:6)
  An ogre (D:5)
  A centaur (D:6)
  A lemure (D:5)
  A necrophage (D:6)
  7 scorpions
  2 bullfrogs (D:7)
  5 wights
  A hound (D:5)
  3 orc priests
  3 iguanas
  5 orc wizards
  2 adders
  2 gnolls (D:6)
  A shadow imp (D:6)
  A white imp (D:3)
  3 worms (D:2)
  4 dart slugs
  29 orcs
  6 ball pythons
  7 bats
  5 endoplasms
  3 giant cockroaches
  7 hobgoblins
  11 jackals
  2 quokkas
  2 frilled lizards
  9 goblins
  7 kobolds
  5 rats
145 creatures vanquished.

Vanquished Creatures (others)
  A fungus (D:1)
  A plant (D:1)
2 creatures vanquished.

Grand Total: 147 creatures vanquished

Notes
Turn   | Place    | Note
-------+----------+-------------------------------------------
     0 | D:5      | Zeldest the Octopode Delver began the quest for the Orb.
     0 | D:5      | Reached XP level 1. HP: 16/16 MP: 1/1
     0 | D:5      | Noticed an orc warrior
     8 | D:5      | Noticed a scorpion
    13 | D:5      | Found a glowing golden altar of the Shining One.
    42 | D:4      | Noticed an orc wizard
    69 | D:4      | Found an opulent altar of Gozag.
    69 | D:4      | Found a glowing silver altar of Zin.
   110 | D:4      | Reached XP level 2. HP: 13/21 MP: 2/2
   116 | D:4      | Reached skill level 1 in Transmutations
   390 | D:4      | Became a worshipper of Gozag Ym Sagoz the Greedy
   594 | D:1      | Found a faded altar of an unknown god.
   599 | D:1      | Reached XP level 3. HP: 26/26 MP: 3/3
  1401 | D:1      | You fall into a shaft and drop 1 floor!
  1870 | D:2      | Reached XP level 4. HP: 32/32 MP: 4/4
  2155 | D:1      | Reached skill level 2 in Transmutations
  3354 | D:3      | Found a shadowy altar of Dithmenos.
  3764 | D:3      | Reached XP level 5. HP: 30/37 MP: 5/5
  4520 | D:4      | Noticed Grinder
  4532 | D:4      | Noticed Blork the orc
  4628 | D:4      | Noticed Sigmund
  4665 | D:4      | Reached skill level 3 in Transmutations
  4882 | D:5      | Noticed a water moccasin
  4895 | D:5      | Reached XP level 6. HP: 30/44 MP: 6/6
  5027 | D:5      | Found Onwuag's Jewellery Shop.
  5059 | D:5      | Noticed a troll
  5370 | D:6      | Found a staircase to the Ecumenical Temple.
  5416 | D:6      | Reached skill level 5 in Fighting
  5421 | D:6      | Found Sohashri's Antique Armour Shoppe.
  5490 | D:5      | Bought a ring of poison resistance for 260 gold pieces
  5558 | D:6      | Reached XP level 7. HP: 37/50 MP: 7/7
  5648 | D:6      | Found a snail-covered altar of Cheibriados.
  5648 | D:6      | Found an iron altar of Okawaru.
  5842 | D:5      | Reached skill level 4 in Transmutations
  5842 | D:5      | Reached skill level 1 in Air Magic
  6314 | D:3      | Reached skill level 5 in Unarmed Combat
  6591 | D:4      | Reached XP level 8. HP: 55/57 MP: 8/8
  6940 | D:4      | Found a stormy altar of Qazlal.
  7241 | D:5      | Reached skill level 5 in Transmutations
  7601 | D:5      | Noticed Pikel
  7613 | D:5      | Killed Pikel
  7614 | D:5      | Reached skill level 6 in Transmutations
  7614 | D:5      | Reached XP level 9. HP: 18/62 MP: 9/9
  7880 | D:5      | Noticed Dowan
  7910 | D:5      | Noticed Duvessa
  7925 | D:5      | Noticed Ijyb
  8235 | D:4      | Killed Sigmund
  8236 | D:4      | Reached skill level 5 in Air Magic
  8420 | D:5      | Bought a ring of wizardry for 390 gold pieces
  8568 | D:6      | Found an ornate altar of the Wu Jian Council.
  8584 | D:6      | Reached skill level 7 in Transmutations
  8679 | D:6      | Found a hazy altar of Hepliaklqana.
  9532 | D:7      | HP: 2/90 [wight/+5 battleaxe (13)]
  9532 | D:7      | Slain by a wight

Illustrated notes

Levels and vault maps discovered:
D:1:      dpeg_arrival_radiant, layout_loops_ring,
          shapermc_ecumenical_altar_mp_ritualfount, minmay_misc_feat_x
D:2:      layout_loops_cross, serial_co_window_serial, co_window_corner_a,
          co_window_corner_a, co_window_of_opportunity_a, co_window_paths_b,
          co_window_of_opportunity_a, co_window_corner_ca, co_window_corner_b,
          co_window_2corner, co_window_broadway_b, co_window_corner_b,
          co_window_corner_cb, glass_columns_a
D:3:      layout_loops_corners, mainiacjoe_overflow_six_doors_small
D:4:      layout_loops_ring, grunt_temple_overflow_gold_and_silver,
          nicolae_overflow_hidden_temple, dreamdust_princess_bridge,
          kennysheep_cross_room, uniq_grinder, uniq_sigmund, uniq_blork_the_orc
D:5:      layout_basic, tso_metal_star, serial_shops, shop, minivault_27,
          minmay_manual_mess, uniq_ijyb, uniq_duvessa, uniq_pikel
D:6:      layout_basic, kennysheep_little_box, nicolae_wu_jian_wuxing_cycle,
          jmf_multi_god_temple, minmay_temple_entry_glass, serial_shops,
          nicolae_shop_stone, minmay_fountain_box
D:7:      layout_loops_cross

Skill      XL: |  1  2  3  4  5  6  7  8  9 |
---------------+----------------------------+-----
Transmutations | 1 2 3 4 6 7 |  7.7
Unarmed Combat | 3 4 5 6 |  6.7
Fighting       | 4 5 |  5.7
Air Magic      | 2 4 6 |  6.5
Dodging        | |  2.0
Stealth        | |  6.6

Action                   |  1- 3 |  4- 6 |  7- 9 || total
-------------------------+-------+-------+-------++-------
Melee: Unarmed           |    87 |   116 |    51 ||   254
       Constrict         |    26 |    33 |    34 ||    93
       Tentacles         |    27 |    24 |    44 ||    95
       Punch             |     3 |     2 |     8 ||    13
       Dagger            |       |       |   134 ||   134
Throw: Throwing net      |       |       |     1 ||     1
Evoke: Wand              |       |     2 |     4 ||     6
  Use: Scroll            |     1 |       |     5 ||     6
       Potion            |       |       |     1 ||     1
 Stab: Sleeping          |     8 |    14 |     7 ||    29
       Distracted        |     3 |       |     3 ||     6
       Confused          |       |       |     2 ||     2
Armor: Skin              |     6 |     7 |    12 ||    25
Dodge: Dodged            |    40 |    53 |    79 ||   172
Block: Other             |     4 |    13 |    40 ||    57
       Reflection        |       |       |     1 ||     1
